 Dungeon Crawl Stone Soup version 0.28-a0-514-g0d7ab7f379 (webtiles) character file.

Game seed: 8133076111323438134

472 SkeletonJelly the Reanimator (level 6, 0/32 HPs)
             Began as a Deep Elf Necromancer on Sept 23, 2021.
             Slain by a scorpion (6 damage)
             ... on level 6 of the Dungeon.
             The game lasted 00:10:21 (4029 turns).

SkeletonJelly the Reanimator (Deep Elf Necromancer) Turns: 4029, Time: 00:10:22

Health: 0/32       AC:  6    Str:  5    XL:     6   Next: 83%
Magic:  5/17       EV: 12    Int: 22    God:
Gold:   99         SH:  0    Dex: 15    Spells: 8/17 levels left

rFire   + . .      SeeInvis .   i - +4 quarterstaff (chaos)
rCold   + . .      Faith    .   (shield currently unavailable)
rNeg    . . .      Spirit   .   a - +0 robe
rPois   +          Reflect  .   (no helmet)
rElec   +          Harm     .   h - +2 cloak
rCorr   +          Rampage  .   d - +0 pair of gloves
Will    .....                   (no boots)
Stlth   ++........              (no amulet)
HPRegen 0.10/turn               j - ring of poison resistance
MPRegen 0.15/turn               (no ring)

@: resistant, on berserk cooldown, slowed, very slow
A: no striking features
a: no special abilities


You were on level 6 of the Dungeon.
You visited 1 branch of the dungeon, and saw 6 of its levels.

You collected 99 gold pieces.

Inventory:

Hand Weapons
 i - a +4 quarterstaff of chaos (weapon)
Missiles
 o - 12 poisoned darts
 p - 4 silver javelins
Armour
 a - a +0 robe (worn)
 d - a +0 pair of gloves (worn)
 h - a +2 cloak (worn)
 q - a scarf of resistance
Jewellery
 j - a ring of poison resistance (left hand)
Scrolls
 k - a scroll of immolation
Potions
 n - a potion of attraction {unknown}


   Skills:
 - Level 2.4 Dodging
 - Level 3.0 Stealth
 + Level 6.0 Spellcasting
 * Level 8.5 Necromancy


You had 8 spell levels left.
You knew the following spells:

 Your Spells              Type           Power      Damage    Failure   Level
a - Pain                  Necr           100%       1d9       1%          1
d - Animate Dead          Necr           22%        N/A       2%          4
s - Animate Skeleton      Necr           88%        N/A       1%          1
x - Vampiric Draining     Necr           22%        2d9       1%          3

Your spell library contained the following spells:

 Spells                   Type           Power      Damage    Failure   Level
 Agony                    Necr           44%        N/A       8%          5


Dungeon Overview and Level Annotations

Branches:
Dungeon (4/15)
 Temple: D:4-7

Altars:


Message History

Confirm with . or Enter, or press ? or * to list all spells.
Aiming: Pain (safe; 1% risk of failure)
Press: ? - help, Shift-Dir - straight line, f - orc
Aim: an orc, wielding a +0 dagger (chance to affect: 93%)
Okay, then.
Unknown command.
Casting: Pain (safe; 1% risk of failure)
Confirm with . or Enter, or press ? or * to list all spells.
The spell is quite dangerous to cast (2% risk of failure)!
Continue anyway?
You call on the dead to rise...
The dead are flying!
You now have 12/17 mp.
Casting: Animate Dead (quite dangerous; 2% risk of failure)
Confirm with . or Enter, or press ? or * to list all spells.
Aiming: Pain (safe; 1% risk of failure)
Press: ? - help, Shift-Dir - straight line, f - orc
Aim: an orc, wielding a +0 dagger (ally target, chance to affect: 93%)
The orc writhes in agony.
You kill the orc!
The sentinel's mark upon you fades away.
An orc comes into view. It is wielding a +0 trident.
You take 1 damage, and have 8/32 hp.
You now have 11/17 mp.
Casting: Pain (safe; 1% risk of failure)
Confirm with . or Enter, or press ? or * to list all spells.
Aiming: Pain (safe; 1% risk of failure)
Press: ? - help, Shift-Dir - straight line, f - orc
Aim: an orc, wielding a +0 dagger (chance to affect: 93%)
The orc writhes in agony.
The orc closely misses you.
An orc comes into view. It is wielding a +0 club.
You take 1 damage, and have 7/32 hp.
You now have 10/17 mp.
Casting: Pain (safe; 1% risk of failure)
Confirm with . or Enter, or press ? or * to list all spells.
Aiming: Pain (safe; 1% risk of failure)
Press: ? - help, Shift-Dir - straight line, f/p - orc
Aim: an orc, wielding a +0 dagger (lightly wounded, chance to affect: 93%)
The orc writhes in agony!
You kill the orc!
The scorpion stings your sky beast zombie.
The scorpion stings your sky beast zombie!
Your sky beast zombie hits the scorpion.
An orc comes into view. It is wielding a +0 hand axe.
You take 1 damage, and have 6/32 hp.
Casting: Pain (safe; 1% risk of failure)
Confirm with . or Enter, or press ? or * to list all spells.
Aiming: Pain (safe; 1% risk of failure)
Press: ? - help, Shift-Dir - straight line, f - orc
Aim: an orc, wielding a +0 trident and wearing a +0 ring mail (chance to affect: 93%)
The orc writhes in agony!
You kill the orc!
The scorpion stings your sky beast zombie.
Your sky beast zombie completely misses the scorpion.
The scorpion stings your sky beast zombie.
You take 1 damage, and have 5/32 hp.
You now have 9/17 mp.
Casting: Pain (safe; 1% risk of failure)
Confirm with . or Enter, or press ? or * to list all spells.
Aiming: Pain (safe; 1% risk of failure)
Press: ? - help, Shift-Dir - straight line, f - scorpion
Aim: a scorpion (lightly wounded, ally target, chance to affect: 84%)
Your sky beast zombie is unaffected.
The scorpion stings your sky beast zombie.
Your sky beast zombie closely misses the scorpion.
The scorpion stings your sky beast zombie.
Your sky beast zombie is destroyed!
You now have 8/17 mp.
Casting: Pain (safe; 1% risk of failure)
Confirm with . or Enter, or press ? or * to list all spells.
Aiming: Pain (safe; 1% risk of failure)
Press: ? - help, Shift-Dir - straight line, f/p - scorpion
Aim: a scorpion (lightly wounded, chance to affect: 84%)
The scorpion writhes in agony.
The orc closely misses you.
The scorpion stings you but does no damage.
You take 1 damage, and have 4/32 hp.
You now have 7/17 mp.
Okay, then.
It was a potion of resistance.
You feel protected. The scorpion barely misses you.
The orc hits you but does no damage.
It was a potion of curing.
You feel better. The scorpion stings you.
* * * LOW HITPOINT WARNING * * *
The orc closely misses you.
The scorpion stings you but does no damage.
The orc hits you with a +0 hand axe.
* * * LOW HITPOINT WARNING * * *
You regained 2 hp, and now have 6/32 hp.
Casting: Pain (safe; 1% risk of failure)
Confirm with . or Enter, or press ? or * to list all spells.
Aiming: Pain (safe; 1% risk of failure)
Press: ? - help, Shift-Dir - straight line, f/p - scorpion
Aim: a scorpion (moderately wounded, chance to affect: 84%)
Okay, then.
Unknown command.
Unknown command.
Casting: Pain (safe; 1% risk of failure)
Confirm with . or Enter, or press ? or * to list all spells.
Aiming: Vampiric Draining (safe; 1% risk of failure)
Press: ? - help, Shift-Dir - straight line, f - orc, p - scorpion
Aim: an orc, wielding a +0 hand axe You draw life force from the orc.
You feel life coursing into your body. The scorpion stings you.
* * * LOW HITPOINT WARNING * * *
The orc misses you. The scorpion stings you.
You die...

##### #####
#....######...########
#....)o@so...........#
#....######...######.# ##.#
##########.# #!# #....##.#
##########.###########....##.#
..................)........>.#
s.................####....#..#
##########.######..#
#....#..... #.# ##.#
#....#....#


You could see a scorpion and 2 orcs.

Vanquished Creatures
  2 sky beasts (D:6)
  A phantom (D:6)
  A gnoll shaman (D:4)
  Crazy Yiuf (D:2)
  A killer bee zombie (D:6)
  An adder (D:2)
  5 gnolls
  4 dart slugs
  5 orcs
  3 endoplasms
  2 giant cockroaches
  5 goblins
  3 hobgoblins
  5 jackals
  6 kobolds
  7 quokkas
  A ball python (D:3)
  3 bats
  5 frilled lizards
  6 rats
67 creatures vanquished.

Vanquished Creatures (collateral kills)
  A gnoll (D:2)
1 creature vanquished.

Grand Total: 68 creatures vanquished

Notes
Turn   | Place    | Note
-------+----------+-------------------------------------------
     0 | D:1      | SkeletonJelly the Deep Elf Necromancer began the quest for
                  | the Orb.
     0 | D:1      | Reached XP level 1. HP: 10/10 MP: 6/6
    80 | D:1      | Reached skill level 5 in Necromancy
   208 | D:1      | Reached XP level 2. HP: 7/15 MP: 1/8
   907 | D:1      | Learned a level 1 spell: Animate Skeleton
  1185 | D:1      | Reached XP level 3. HP: 17/19 MP: 7/10
  1731 | D:2      | Learned a level 3 spell: Vampiric Draining
  1831 | D:2      | Reached skill level 6 in Necromancy
  2224 | D:2      | Reached XP level 4. HP: 21/24 MP: 8/12
  2556 | D:2      | Found a runed translucent door.
  2557 | D:2      | Noticed Crazy Yiuf
  2717 | D:2      | Killed Crazy Yiuf
  2856 | D:3      | Learned a level 4 spell: Animate Dead
  3491 | D:3      | Reached XP level 5. HP: 26/28 MP: 10/13
  3805 | D:4      | Reached skill level 7 in Necromancy
  3941 | D:4      | You fall into a shaft and drop 1 floor!
  3941 | D:5      | Entered Level 5 of the Dungeon
  3965 | D:5      | You fall into a shaft and drop 1 floor!
  3980 | D:6      | Reached skill level 5 in Spellcasting
  3982 | D:6      | Noticed a phantom
  3991 | D:6      | Noticed a sky beast
  4005 | D:6      | Noticed a sky beast
  4011 | D:6      | Killed a sky beast
  4012 | D:6      | Reached XP level 6. HP: 12/32 MP: 16/16
  4013 | D:6      | Killed a sky beast
  4014 | D:6      | Reached skill level 8 in Necromancy
  4029 | D:6      | Slain by a scorpion

Illustrated notes

Levels and vault maps discovered:
D:1:      minmay_arrival_jagged, layout_rooms
D:2:      layout_rooms, uniq_crazy_yiuf_cottage
D:3:      layout_basic
D:4:      layout_loops_corners, serial_shops, kennysheep_mini,
          gup_sewer_entry_bowl, minmay_manual_moon
D:5:      layout_loops_ring, dancing_weapons_uskayaw
D:6:      layout_basic, small_statue_intersection

Skill      XL: |  1  2  3  4  5  6 |
---------------+-------------------+-----
Necromancy     | 5 6 7 8 |  8.5
Stealth        | 3 |  3.0
Spellcasting   | 4 5 6 |  6.0
Dodging        | |  2.4

Action                   |  1- 3 |  4- 6 || total
-------------------------+-------+-------++-------
Melee: Unarmed           |     1 |       ||     1
       Quarterstaff      |       |    16 ||    16
 Cast: Pain              |    68 |    50 ||   118
       Animate Skeleton  |     4 |     4 ||     8
       Animate Dead      |       |     2 ||     2
       Vampiric Draining |       |     2 ||     2
  Use: Scroll            |       |     5 ||     5
       Potion            |       |     3 ||     3
Armor: Robe              |     3 |    13 ||    16
Dodge: Dodged            |     8 |    17 ||    25

Table legend: (Time is in decaauts)
 A = Elapsed time spent in this place.
 B = Non-inter-level travel time spent in this place.
 C = Inter-level travel time spent in this place.
 D = Time resting spent in this place.
 E = Time spent auto-exploring this place.
 F = Levels seen in this place.
 G = Mean time per level.
                   A        B        C        D        E       F      G
               +--------+--------+--------+--------+--------+-----+--------+
         Total |   4035 |   3845 |    190 |      0 |   3329 |   6 |  672.5 |
       Dungeon |   4035 |   3845 |    190 |      0 |   3329 |   6 |  672.5 |
               +--------+--------+--------+--------+--------+-----+--------+

Top non-repeatable levels by time:
     D:1: 1946 daAuts
     D:3: 1041 daAuts
     D:2: 854 daAuts
     D:4: 101 daAuts
     D:6: 68 daAuts
     D:5: 23 daAuts
